 Dungeon Crawl Stone Soup version 0.22-a0-407-gb098539 (webtiles) character file.

1342 galech the Shooter (level 8, -1/64 HPs)
             Began as a Gnoll Wanderer on May 9, 2018.
             Engulfed by azzavlup's ghost's flame (17 damage)
             ... on level 5 of the Dungeon.
             The game lasted 00:12:21 (5878 turns).

galech the Shooter (Gnoll Wanderer)                 Turns: 5878, Time: 00:12:22

Health: -1/64      AC:  7    Str: 18    XL:     8   Next: 62%
Magic:  0/13       EV: 12    Int: 15    God:
Gold:   276        SH:  0    Dex: 16    Spells: 13/13 levels left

rFire    . . .     SeeInvis .   s - +5 flail
rCold    . . .     Gourm    .   (no shield)
rNeg     . . .     Faith    .   n - +0 scale mail
rPois    .         Spirit   +   (no helmet)
rElec    .         Reflect  .   (no cloak)
rCorr    .         Harm     .   (no gloves)
MR       .....                  (no boots)
Stlth    +.........             D - amulet of guardian spirit
HPRegen  0.20/turn              l - ring of stealth
MPRegen  0.13/turn              q - +3 ring of strength

@: confused
A: distributed training, fangs 1, strong nose
a: no special abilities


You were on level 5 of the Dungeon.
You were not hungry.

You visited 1 branch of the dungeon, and saw 6 of its levels.

You collected 276 gold pieces.

Inventory:

Hand Weapons
 a - a +4 shortbow
 f - a +0 dagger
 o - a +0 whip
 s - a +5 flail (weapon)
Missiles
 b - 22 arrows
 v - 7 tomahawks
 x - a poisoned tomahawk (quivered)
Armour
 e - a +0 robe
 m - a -1 chain mail
 n - a +0 scale mail (worn)
Jewellery
 l - a ring of stealth (left hand)
 q - a +3 ring of strength (right hand)
 D - an amulet of guardian spirit (around neck)
Scrolls
 i - 2 scrolls of noise
 j - 3 scrolls of identify
 p - a scroll of magic mapping
Potions
 c - 2 potions of curing
 d - a potion of lignification
 h - 2 potions of might {unknown}
 k - 3 potions of ambrosia {unknown}
 r - 2 potions of resistance {unknown}
 t - 2 potions of heal wounds {unknown}
 u - 2 potions of haste {unknown}
 z - a potion of agility {unknown}
 A - a potion of magic {unknown}
 C - a potion of invisibility {unknown}
Comestibles
 g - 10 rations
 w - 10 chunks of flesh


   Skills:
 + Level 5.7 Fighting
 + Level 4.3 Short Blades
 + Level 3.3 Long Blades
 + Level 3.3 Axes
 + Level 3.3 Maces & Flails
 + Level 3.3 Polearms
 + Level 3.3 Staves
 + Level 3.3 Slings
 + Level 5.7 Bows
 + Level 3.3 Crossbows
 + Level 3.3 Throwing
 + Level 4.3 Armour
 + Level 4.3 Dodging
 + Level 5.4 Stealth
 + Level 4.3 Shields
 + Level 3.3 Unarmed Combat
 + Level 3.3 Spellcasting
 + Level 2.7 Conjurations
 + Level 2.7 Hexes
 + Level 2.7 Charms
 + Level 2.7 Summonings
 + Level 2.7 Necromancy
 + Level 2.7 Translocations
 + Level 2.7 Transmutations
 + Level 2.7 Fire Magic
 + Level 2.7 Ice Magic
 + Level 2.7 Air Magic
 + Level 2.7 Earth Magic
 + Level 2.7 Poison Magic
 + Level 3.7 Invocations
 + Level 3.3 Evocations


You had 13 spell levels left.
You didn't know any spells.

Dungeon Overview and Level Annotations

Branches:
Dungeon (6/15)
 Temple: D:4-7

Altars:
Qazlal

Shops:
D:4 (

Annotations:
D:5 azzavlup's ghost, novice DsAK


Innate Abilities, Weirdness & Mutations

Your experience applies equally to all skills.
You have very sharp teeth.
Your uncanny sense of smell can sniff out nearby items.


Message History

Azzavlup's ghost points at you and mumbles some strange words.
The ball explodes into a vile cloud!
The stinking cloud engulfs you!
The stinking cloud engulfs azzavlup's ghost.
Azzavlup's ghost appears unharmed.
Azzavlup's ghost hits you but does no damage.
You bump into the rock wall.
You are engulfed in noxious fumes.
You choke on the stench!
You are more confused.
Azzavlup's ghost hits you.
You are engulfed in blazing flames.
You sock azzavlup's ghost!
Azzavlup's ghost is almost destroyed.
You are engulfed in blazing flames.
* * * LOW HITPOINT WARNING * * *
Azzavlup's ghost barely misses you.
Unknown command.
Azzavlup's ghost barely misses you.
There is an open door, spattered with blood here.
You are engulfed in blazing flames.
You die...

####.######.###..
##.##.##..##.###..
#........W<..(#...
#...Z.........#...
#.......ยง.....#...
#.............#...
####.##'##.##.(##..#
##.##'##.##'#########
#...@W......# .#....
#...........# ..#....
####>.####.##.# .###..#
#..#..####.##'##.######
#...........'.....#....
#...........#.....'....
#...........#.....#....
####.##.#######..####.###
#....##.### ##..####+##[


You could see azzavlup's ghost and a quokka zombie.

Vanquished Creatures
  Grinder (D:6)
  4 ogres
  A phantom (D:4)
  A centaur (D:5)
  2 howler monkeys (D:5)
  A crimson imp (D:6)
  A gnoll shaman (D:6)
  2 orc priests
  A bullfrog skeleton (D:4)
  2 hounds
  3 iguanas
  An orc wizard (D:5)
  2 worker ants
  5 gnolls (D:6)
  6 adders
  A shadow imp (D:6)
  2 oozes
  2 worms (D:2)
  4 dart slugs
  4 leopard geckos
  14 orcs
  6 bats
  5 giant cockroaches
  4 hobgoblins
  10 jackals
  4 kobolds
  4 quokkas
  A ball python (D:2)
  4 frilled lizards
  6 goblins
  4 rats (D:3)
108 creatures vanquished.

Notes
Turn   | Place    | Note
-------+----------+-------------------------------------------
     0 | D:1      | galech the Gnoll Wanderer began the quest for the Orb.
     0 | D:1      | galech set off with: a +2 shortbow, 22 arrows, a potion of curing, a potion of lignification, a +0 robe, a +0 dagger, a ration
     0 | D:1      | Reached XP level 1. HP: 20/20 MP: 1/1
   533 | D:1      | Reached XP level 2. HP: 26/26 MP: 2/2
  1136 | D:2      | Reached XP level 3. HP: 25/31 MP: 3/3
  1258 | D:2      | Reached skill level 1 in Invocations
  1397 | D:2      | Reached skill level 1 in Long Blades
  1397 | D:2      | Reached skill level 1 in Axes
  1397 | D:2      | Reached skill level 1 in Maces & Flails
  1397 | D:2      | Reached skill level 1 in Polearms
  1397 | D:2      | Reached skill level 1 in Staves
  1397 | D:2      | Reached skill level 1 in Slings
  1397 | D:2      | Reached skill level 1 in Crossbows
  1397 | D:2      | Reached skill level 1 in Throwing
  1397 | D:2      | Reached skill level 1 in Unarmed Combat
  1397 | D:2      | Reached skill level 1 in Spellcasting
  1397 | D:2      | Reached skill level 1 in Evocations
  1441 | D:2      | Reached XP level 4. HP: 38/38 MP: 5/5
  1931 | D:3      | Reached skill level 1 in Conjurations
  1931 | D:3      | Reached skill level 1 in Hexes
  1931 | D:3      | Reached skill level 1 in Charms
  1931 | D:3      | Reached skill level 1 in Summonings
  1931 | D:3      | Reached skill level 1 in Necromancy
  1931 | D:3      | Reached skill level 1 in Translocations
  1931 | D:3      | Reached skill level 1 in Transmutations
  1931 | D:3      | Reached skill level 1 in Fire Magic
  1931 | D:3      | Reached skill level 1 in Ice Magic
  1931 | D:3      | Reached skill level 1 in Air Magic
  1931 | D:3      | Reached skill level 1 in Earth Magic
  1931 | D:3      | Reached skill level 1 in Poison Magic
  2225 | D:3      | Reached XP level 5. HP: 43/43 MP: 6/6
  2413 | D:3      | Found a stormy altar of Qazlal.
  2719 | D:4      | Found Aqovi's Weapon Shoppe.
  2725 | D:4      | Noticed an ogre
  2732 | D:4      | Killed an ogre
  2811 | D:4      | Reached XP level 6. HP: 48/50 MP: 8/8
  2911 | D:4      | Noticed a phantom
  2917 | D:4      | Reached skill level 5 in Fighting
  2917 | D:4      | Reached skill level 5 in Bows
  2922 | D:4      | Killed a phantom
  2922 | D:4      | Reached XP level 7. HP: 30/56 MP: 8/10
  3801 | D:5      | Entered Level 5 of the Dungeon
  3841 | D:5      | Noticed azzavlup's ghost (novice DsAK)
  4020 | D:5      | Reached skill level 5 in Stealth
  4433 | D:5      | Reached XP level 8. HP: 63/63 MP: 10/12
  5510 | D:6      | Noticed Grinder
  5526 | D:6      | Killed Grinder
  5878 | D:5      | Engulfed by azzavlup's ghost's flame

Vault maps used:
D:1:      lightli_arrival_windingriver, roderic_lattice_a
D:3:      minmay_wonky_spiral, serial_forest, infiniplex_forest_corner_1,
          infiniplex_forest_straight_3, infiniplex_forest_clump_medium,
          infiniplex_forest_lined_3, infiniplex_forest_straight_4,
          infiniplex_forest_lined_corner, nicolae_qazlal_eye_of_the_storm
D:4:      serial_shops, shop
D:5:      minmay_temple_entry_enclosed_plants, first_ration
D:6:      minmay_statues_item, uniq_grinder

Skill      XL: |  1  2  3  4  5  6  7  8 |
---------------+-------------------------+-----
Invocations    | 1 2 3 |  3.7
Long Blades    | 1 2 3 |  3.3
Axes           | 1 2 3 |  3.3
Maces & Flails | 1 2 3 |  3.3
Polearms       | 1 2 3 |  3.3
Staves         | 1 2 3 |  3.3
Slings         | 1 2 3 |  3.3
Crossbows      | 1 2 3 |  3.3
Throwing       | 1 2 3 |  3.3
Unarmed Combat | 1 2 3 |  3.3
Spellcasting   | 1 2 3 |  3.3
Evocations     | 1 2 3 |  3.3
Conjurations   | 1 2 |  2.7
Hexes          | 1 2 |  2.7
Charms         | 1 2 |  2.7
Summonings     | 1 2 |  2.7
Necromancy     | 1 2 |  2.7
Translocations | 1 2 |  2.7
Transmutations | 1 2 |  2.7
Fire Magic     | 1 2 |  2.7
Ice Magic      | 1 2 |  2.7
Air Magic      | 1 2 |  2.7
Earth Magic    | 1 2 |  2.7
Poison Magic   | 1 2 |  2.7
Short Blades   | 3 4 |  4.3
Armour         | 3 4 |  4.3
Dodging        | 3 4 |  4.3
Shields        | 3 4 |  4.3
Fighting       | 5 |  5.7
Bows           | 5 |  5.7
Stealth        | 5 |  5.4

Action                   |  1- 3 |  4- 6 |  7- 9 || total
-------------------------+-------+-------+-------++-------
Melee: Flail             |       |       |    14 ||    14
       Shortbow          |       |       |     5 ||     5
 Fire: Shortbow          |    74 |   181 |   184 ||   439
Throw: Tomahawk          |       |       |    16 ||    16
  Use: Scroll            |     4 |       |     4 ||     8
  Eat: Chunk             |     1 |     5 |     5 ||    11
       Ration            |       |       |     1 ||     1
Armor: Chain mail        |    18 |    75 |    10 ||   103
       Scale mail        |       |       |    38 ||    38
Dodge: Dodged            |    15 |    60 |    64 ||   139

Table legend:
 A = Spawn XP
 B = Non-spawn XP
 C = Spawn XP percentage of total XP
 D = Spawn monster count
 E = Non-spawn monster count
 F = Spawn count percentage of total count
 G = Total turns spent on level
                    A         B        C        D         E        F      G
               +---------+---------+-------+---------+---------+-------+---------
         Total |       0 |    1918 |   0.0 |       0 |     108 |   0.0 |  5878
               +---------+---------+-------+---------+---------+-------+---------
           D:1 |       0 |      15 |   0.0 |       0 |       6 |   0.0 |   788
           D:2 |       0 |      78 |   0.0 |       0 |      27 |   0.0 |   944
           D:3 |       0 |      93 |   0.0 |       0 |      29 |   0.0 |   972
           D:4 |       0 |     739 |   0.0 |       0 |      22 |   0.0 |  2059
           D:5 |       0 |     554 |   0.0 |       0 |      15 |   0.0 |   726
           D:6 |       0 |     439 |   0.0 |       0 |       9 |   0.0 |   389
               +---------+---------+-------+---------+---------+-------+---------
